 Dungeon Crawl Stone Soup version 0.29-a0-322-g68df515428 (webtiles) character file.

Game seed: 2325976573582906536

8372 jt the Cleaver (level 11, -3/80 (88) HPs)
             Began as a Deep Dwarf Delver on Apr 5, 2022.
             Was an Initiate of Yredelemnul.
             Killed from afar by Josephine (28 damage)
             ... with a ghostly fireball
             ... on level 10 of the Dungeon.
             The game lasted 00:29:17 (6037 turns).

jt the Cleaver (Deep Dwarf Delver)                  Turns: 6037, Time: 00:29:18

HP:   -3/80 (88)    AC: 10    Str: 19    XL:     11   Next: 9%
MP:   8/8           EV: 11    Int: 12    God:    Yredelemnul [......]
Gold: 357           SH: 11    Dex: 14    Spells: 10/10 levels left

rFire   . . .      SeeInvis .   a - +4 broad axe (vorpal)
rCold   + . .      Faith    .   r - +0 kite shield
rNeg    . . .      Spirit   .   j - +2 robe {rC+}
rPois   +          Reflect  .   H - +2 hat
rElec   .          Harm     .   P - +1 cloak {rPois}
rCorr   +          Rampage  .   B - +0 pair of gloves
Will    +....                   l - +1 pair of boots
Stlth   +++.......              (no amulet)
HPRegen 0.00/turn               E - ring of resist corrosion
MPRegen 0.11/turn               (no ring)

@: slowed, drained, very slow
A: damage resistance, heal wounds, sense surroundings 2, no regeneration, hooves
1, deformed body, MP-powered wands
a: Heal Wounds, Renounce Religion, Recall Undead Harvest


You were on level 10 of the Dungeon.
You worshipped Yredelemnul.
Yredelemnul was aware of your devotion.
You visited 2 branches of the dungeon, and saw 9 of its levels.
You also visited: Ossuary and Bailey.

You collected 1144 gold pieces.
You spent 787 gold pieces at shops.

Inventory:

Hand Weapons
 a - a +4 vorpal broad axe (weapon)
 b - a +3 spear of venom
 m - a +3 trident
 p - a +0 war axe of electrocution
 q - a +0 hand crossbow
 z - a +2 morningstar of pain
 A - a +0 trident of flaming
 C - a +2 war axe of pain
 I - a +0 broad axe of venom
 J - a +0 war axe of flaming
 M - a +1 flail of protection
 T - the +0 staff of Battle
   (You found it on level 9 of the Dungeon)

   It enhances your conjuration magic.
   It summons a battlesphere in combat, with strength depending on Conjurations
   skill.
   Its strikes trigger the battlesphere's blasts.
Missiles
 e - 138 stones (quivered)
 k - 19 boomerangs
 o - 8 javelins
 y - a throwing net
 K - an atropa-tipped dart
 Q - 14 poisoned darts
 S - a curare-tipped dart
Armour
 h - a +0 helmet
 j - a +2 robe of cold resistance (worn)
 l - a +1 pair of boots (worn)
 r - a +0 kite shield (worn)
 B - a +0 pair of gloves (worn)
 D - +0 steam dragon scales
 H - a +2 hat (worn)
 N - a +0 plate armour
 P - a +1 cloak of poison resistance (worn)
Magical Staves
 f - a staff of poison
Jewellery
 E - a ring of resist corrosion (left hand)
Wands
 d - a wand of iceblast (1)
 g - a wand of digging (2)
 G - a wand of paralysis (3)
 R - a wand of polymorph (4)
Scrolls
 c - 5 scrolls of fog
 n - 2 scrolls of immolation
 u - a scroll of vulnerability
 v - 3 scrolls of fear
 w - a scroll of identify
 x - 10 scrolls of teleportation
 F - 2 scrolls of summoning
 O - a scroll of magic mapping
Potions
 i - a potion of attraction
 t - 2 potions of mutation
 L - 3 potions of heal wounds
 U - a potion of haste
Miscellaneous
 s - a lightning rod (4/4)


   Skills:
 - Level 2.6 Fighting
 + Level 13.2 Axes
 - Level 2.1 Dodging
 - Level 6.0 Stealth
 + Level 10.6 Shields
 - Level 10.0 Invocations


You had 10 spell levels left.
You didn't know any spells.
Your spell library contained the following spells:

 Spells                   Type           Power      Damage    Failure   Level
 Animate Skeleton         Necr           0%         N/A       56%         1
 Apportation              Tloc           0%         N/A       56%         1
 Summon Small Mammal      Summ           0%         N/A       56%         1
 Call Canine Familiar     Summ           0%         N/A       91%         3
 Dazzling Flash           Conj/Hex       0%         N/A       91%         3
 Portal Projectile        Hex/Tloc       0%         N/A       91%         3
 Airstrike                Air            0%         N/A       100%        4
 Iskenderun's Mystic Bla  Conj/Tloc      0%         2d3       100%        4
 Leda's Liquefaction      Hex/Erth       0%         N/A       100%        4
 Summon Lightning Spire   Summ/Air       0%         N/A       100%        4
 Lightning Bolt           Conj/Air       0%         1d11      100%        5
 Starburst                Conj/Fire      0%         6d3       100%        6


Dungeon Overview and Level Annotations

Branches:
Dungeon (10/15)            Temple (1/1) D:4         Ossuary (visited)
 Bailey (visited)
   Lair: D:8-11         Orc: D:9-12

Altars:
Ashenzari
Cheibriados
Dithmenos
Elyvilon
Fedhas
Gozag
Hepliaklqana
Kikubaaqudgha
Makhleb
Nemelex Xobeh
Okawaru
Qazlal
Ru
Sif Muna
Trog
Uskayaw
Vehumet
Wu Jian
Xom
Yredelemnul
Zin
The Shining One

Shops:
D:3 =   D:4 (*(*   D:6 (   D:8 [

Annotations:
D:10 Josephine


Innate Abilities, Weirdness & Mutations

You are resistant to damage.
You can heal yourself by infusing magical energy.
You passively map the area around you.
You do not regenerate.
You have large cloven feet.
Armour fits poorly on your strangely shaped body.
You expend magic power (3 MP) to strengthen your wands.


Message History

The wraith drains your vigour!
You feel as though you will be slow longer.
You block the wraith's attack. You block Josephine's attack.
The wraith hits you but does no damage. You block the wraith's attack.
Josephine barely misses you.
You slash the wraith!
You destroy the wraith!
You closely miss Josephine. You hit the wraith but do no damage.
Josephine hits you with a +4 dagger of flaming!
Josephine burns you. You block the wraith's attack.
Unknown command.
Okay, then.
Okay, then.
You closely miss Josephine.
Josephine is moderately wounded.
You hit the wraith.
Josephine hits you with a +4 dagger of flaming!
Josephine burns you. You block the wraith's attack.
Josephine hits you with a +4 dagger of flaming.
Josephine burns you. The wraith hits you.
* * * LOW HITPOINT WARNING * * *
The wraith drains your vigour!
You feel as though you will be slow longer.
You swap places.
Josephine attacks as you move away! Josephine hits you but does no damage.
The wraith attacks as you move away! You block the wraith's attack.
Josephine says, "I'll make a rug of your skin."
Josephine hits your gnoll zombie with a +4 dagger of flaming!
Josephine burns your gnoll zombie. The wraith hits your gnoll zombie!
Your gnoll zombie is destroyed!
You swap places.
Your gnoll zombie closely misses Josephine.
Josephine points at you and mumbles some strange words.
The ghostly flame explodes!
The ghostly fireball engulfs your gnoll zombie.
Your gnoll zombie completely resists.
The ghostly fireball engulfs Josephine.
Josephine completely resists.
The ghostly fireball engulfs you!!
You feel drained.
You die...
Your body rises from the dead as a mindless zombie.

* #...#.#.....### ,
** #.#.#.#.#.#.. * ,
,# #.....#.#.#.. * ,
** .####..#.#.#.#..
#####.#.ZZ..#.#...#.<
#....W#.##Z.#####.#..
* * *#@#W#Z##Z.###
#.... * *
#Z###.#.....# #.### *
, #.@...#.Z...# #.# ,
, *
#######.#.#.###.## *
#..)).......# ,
#..#)#......# *
###...........# ,, *
#.'.....#.....# *
###.....#.....#
#.....#.....#
#.....#.....#*


You could see Josephine (distracted, ally target) and a friendly gnoll zombie.

Vanquished Creatures
  An orc warlord (Bailey)
  An orc knight (Bailey)
  A moth of wrath (D:5)
  A gargoyle (D:7)
  Maggie (D:6)
  2 tengu conjurers (D:9)
  A troll (D:9)
  3 yaks (D:9)
  2 wraiths
  A steam dragon (D:8)
  A water moccasin (D:7)
  3 sky beasts
  An ice beast (D:6)
  5 orc warriors
  2 centaurs
  A kobold brigand (D:9)
  4 bullfrogs
  Blork the orc (D:6)
  A gnoll sergeant (D:5)
  2 scorpions (D:5)
  A necrophage (D:4)
  2 wights (D:8)
  5 centaur zombies (Ossuary)
  2 orc priests (D:6)
  3 jellies
  A hound (D:6)
  3 iguanas
  4 orc wizards
  7 mummies
  10 gnolls
  An adder (D:3)
  A shadow imp (D:6)
  A white imp (D:5)
  A dart slug (D:3)
  35 orcs
  3 ball pythons (D:4)
  A bat (D:3)
  3 endoplasms
  A giant cockroach (D:3)
  10 goblins
  6 hobgoblins
  2 jackals (D:3)
  14 kobolds
  5 quokkas
  3 hobgoblin zombies (Ossuary)
  17 rats (D:3)
177 creatures vanquished.

Vanquished Creatures (collateral kills)
  A wizard (D:9)
  A tengu conjurer (D:9)
  A shadow (D:7)
  A wraith (D:6)
  3 yaks (D:9)
  An ice beast (D:5)
  3 bullfrogs (D:6)
  A gnoll sergeant (D:10)
  2 wights (D:8)
  A howler monkey (D:6)
  A gnoll shaman (D:5)
  An orc priest (D:9)
  2 hounds (D:6)
  A gnoll (D:5)
  A worm (D:5)
  An orc (D:8)
  7 rats
29 creatures vanquished.

Vanquished Creatures (others)
  A spectral ice beast (D:6)
  A yak zombie (D:9)
  A bullfrog zombie (D:9)
  2 hound zombies (D:6)
  A spectral shadow imp (D:6)
  2 gnoll zombies
  3 goblin zombies (Bailey)
  4 hobgoblin zombies
  A jackal zombie (D:3)
  4 kobold zombies
  4 orc zombies
  A quokka zombie (D:4)
  2 rat zombies (D:3)
  A spectral endoplasm (D:3)
28 creatures vanquished.

Grand Total: 234 creatures vanquished

Notes
Turn   | Place    | Note
-------+----------+-------------------------------------------
     0 | D:5      | jt the Deep Dwarf Delver began the quest for the Orb.
     0 | D:5      | Reached XP level 1. HP: 20/20 MP: 1/1
    15 | D:5      | Noticed a scorpion
    42 | D:5      | Noticed an ice beast
    67 | D:5      | Noticed a moth of wrath
   133 | D:5      | Noticed an iguana
   133 | D:5      | Noticed a bullfrog
   138 | D:5      | Gained mutation: You expend magic power (3 MP) to
                  | strengthen your wands. [potion of mutation]
   138 | D:5      | Gained mutation: Armour fits poorly on your strangely
                  | shaped body. [potion of mutation]
   138 | D:5      | Gained mutation: You have large cloven feet. [potion of
                  | mutation]
   148 | D:5      | Killed a bullfrog
   149 | D:5      | Reached skill level 4 in Axes
   149 | D:5      | Reached XP level 2. HP: 16/27 MP: 2/2
   149 | D:5      | Reached XP level 3. HP: 19/33 MP: 3/3
   149 | D:5      | Reached XP level 4. HP: 24/40 MP: 4/4
   155 | D:5      | Reached skill level 5 in Axes
   205 | D:5      | Killed a scorpion
   206 | D:5      | Reached skill level 6 in Axes
   206 | D:5      | Reached XP level 5. HP: 19/46 MP: 5/5
   233 | D:5      | Noticed a centaur
   247 | D:5      | Killed a centaur
   248 | D:5      | Reached skill level 7 in Axes
   248 | D:5      | Reached XP level 6. HP: 42/55 MP: 6/6
   345 | D:4      | Found a staircase to the Ecumenical Temple.
   380 | Temple   | Entered the Ecumenical Temple
   460 | Temple   | Became a worshipper of Yredelemnul the Dark
   552 | D:3      | Reached * piety under Yredelemnul
   759 | D:3      | Reached skill level 1 in Invocations
   769 | D:3      | Reached ** piety under Yredelemnul
   969 | D:3      | Found Facyrype's Jewellery Boutique.
  1039 | D:3      | Found an ornate altar of the Wu Jian Council.
  1188 | D:4      | Found a sacrificial altar of Ru.
  1192 | D:4      | Found Tiul's Antique Armour Emporium.
  1220 | D:4      | Found Xifiu's Weapon Emporium.
  1285 | D:4      | Found Jim Weiluwu's Assorted Antiques.
  1292 | D:4      | Bought a scroll labelled QIEF FUXIBLI for 26 gold pieces
  1292 | D:4      | Bought a lumpy brown potion for 23 gold pieces
  1292 | D:4      | Bought a scroll labelled TENATW CONAAD for 26 gold pieces
  1292 | D:4      | Bought a scroll labelled WEOT FIBUPI for 26 gold pieces
  1328 | D:4      | Found a white marble altar of Elyvilon.
  1438 | D:4      | Found Guedappi's Antique Weapon Boutique.
  1509 | D:4      | Found Ocravaph's General Store.
  1751 | D:5      | Reached skill level 8 in Axes
  1751 | D:5      | Reached XP level 7. HP: 34/61 MP: 6/8
  1829 | D:5      | Reached skill level 1 in Shields
  1907 | D:5      | Reached *** piety under Yredelemnul
  1967 | D:5      | Found a bloodstained altar of Trog.
  1969 | D:5      | HP: 4/91 [moth of wrath (14)]
  1970 | D:5      | Killed a moth of wrath
  1971 | D:5      | Reached skill level 5 in Invocations
  1971 | D:5      | Reached XP level 8. HP: 4/68 MP: 6/10
  2117 | D:6      | Reached skill level 9 in Axes
  2122 | D:6      | Noticed Maggie
  2208 | D:6      | Killed Maggie
  2209 | D:6      | Reached skill level 5 in Shields
  2239 | D:6      | Found Des Osef's Antique Weapon Shop.
  2251 | D:6      | Gained mutation: You passively map the area around you.
                  | [Deep Dwarf growth]
  2251 | D:6      | Reached XP level 9. HP: 34/74 MP: 9/9
  2322 | D:6      | Reached skill level 10 in Axes
  2456 | D:6      | Noticed Blork the orc
  2464 | D:6      | Killed Blork the orc
  2698 | D:6      | Found an opulent altar of Gozag.
  2709 | D:6      | Found a hide-covered altar of Uskayaw.
  2999 | D:7      | Found a broken altar of Ashenzari.
  3142 | D:7      | Noticed a gargoyle
  3167 | D:7      | Killed a gargoyle
  3328 | D:7      | Found a glowing silver altar of Zin.
  3331 | D:7      | Found a glowing golden altar of the Shining One.
  3334 | D:7      | Found a shimmering altar of Xom.
  3670 | D:8      | Found Ideumept's Armour Shop.
  3820 | D:8      | Found a sand-covered staircase.
  3829 | Ossuary  | Entered an ossuary
  3853 | Ossuary  | Reached skill level 11 in Axes
  4028 | D:8      | Reached XP level 10. HP: 49/79 MP: 10/10
  4553 | D:9      | Found a flagged portal.
  4571 | Bailey   | Entered a bailey
  4576 | Bailey   | Noticed an orc warlord
  4611 | Bailey   | Noticed an orc knight
  4622 | Bailey   | Reached skill level 10 in Invocations
  4661 | Bailey   | Killed an orc knight
  4680 | Bailey   | Found a runed translucent gate.
  4682 | Bailey   | Found a runed translucent gate.
  4684 | Bailey   | Found a runed translucent gate.
  4784 | Bailey   | Killed an orc warlord
  4785 | Bailey   | Reached skill level 12 in Axes
  4993 | D:4      | Bought a glowing broad axe for 182 gold pieces
  4995 | D:4      | Acquired 587 gold pieces
  5001 | D:4      | Bought a runed war axe for 169 gold pieces
  5042 | D:4      | Bought a scroll of teleportation for 42 gold pieces
  5042 | D:4      | Bought a scroll of magic mapping for 49 gold pieces
  5042 | D:4      | Bought a scroll of teleportation for 42 gold pieces
  5136 | D:8      | Bought a +1 cloak of poison resistance for 202 gold pieces
  5583 | D:9      | Noticed a wizard
  5596 | D:9      | Killed a wizard
  5597 | D:9      | Reached skill level 10 in Shields
  5688 | D:9      | Reached skill level 13 in Axes
  5700 | D:9      | Reached XP level 11. HP: 58/88 MP: 6/9
  5747 | D:9      | Found the +0 staff of Battle
  5797 | D:10     | Entered Level 10 of the Dungeon
  5875 | D:10     | Noticed a two-headed ogre
  6027 | D:10     | Noticed Josephine
  6037 | D:10     | Killed from afar by Josephine

Illustrated notes

Levels and vault maps discovered:
D:3:      layout_basic, lemuel_doored_altar, serial_shops,
          nicolae_shop_temple_entry_statues_fountains, nrook_campfire,
          minivault_4, minmay_rat_hole
D:4:      layout_rooms, nicolae_ru_sacrificial_ziggurat, old_standard_altar,
          minmay_temple_entry_statues_fountains, serial_shops,
          nicolae_square_shop, nicolae_shop_competitors_out_of_business,
          nicolae_shop_statue_plus, nicolae_stop_n_shop_2, shop_statue
D:5:      layout_loops_cross, tgw_trog
D:6:      layout_cave_pools, mainiacjoe_overflow_swirl, serial_shops,
          nicolae_shop_trees, uniq_maggie, uniq_blork_the_orc
D:7:      layout_loops_ring, ashenzari_conservatory_becter,
          grunt_temple_overflow_diamond
D:8:      layout_loops_cross, serial_shops, nicolae_stop_n_shop_1,
          gup_ossuary_entry_pyramid, nicolae_zen_rock_garden
D:9:      layout_loops_ring, enter_bailey_5, minmay_strange_pillars,
          hellmonk_guarded_unrand_staff_of_battle
D:10:     layout_basic, serial_glass, glass_columns_c, glass_columns_a,
          glass_columns_a, glass_columns_b, glass_columns_a, glass_columns_a,
          uniq_josephine, uniq_erolcha, uniq_grum, uniq_erica
Temple:   nicolae_temple_hex_pool

Skill      XL: |  1  2  3  4  5  6  7  8  9 10 |
---------------+-------------------------------+-----
Axes           | 4 6 7 8 9 11 13 | 13.2
Invocations    | 3 5 7 9 10 | 10.0
Shields        | 3 5 7 10 | 10.6
Fighting       | |  2.6
Dodging        | |  2.1
Stealth        | |  6.0

Action                   |  1- 3 |  4- 6 |  7- 9 | 10-12 || total
-------------------------+-------+-------+-------+-------++-------
Melee: Hand axe          |    11 |    68 |       |       ||    79
       Kick              |     4 |    18 |       |       ||    22
       War axe           |       |    98 |   255 |    72 ||   425
       Punch             |       |     1 |     2 |       ||     3
       Trident           |       |       |     9 |       ||     9
       Broad axe         |       |       |       |    69 ||    69
 Fire: Hand crossbow     |       |       |     4 |       ||     4
Throw: Stone             |       |    14 |       |     2 ||    16
       Dart              |       |       |     7 |       ||     7
       Javelin           |       |       |     2 |     2 ||     4
       Boomerang         |       |       |       |     5 ||     5
Invok: Recall Undead Har |       |     1 |     7 |     5 ||    13
       Dark Bargain      |       |       |       |     1 ||     1
 Abil: Heal Wounds       |     1 |     6 |    25 |    15 ||    47
Evoke: Wand              |       |       |     1 |     3 ||     4
  Use: Potion            |     2 |     3 |     2 |     6 ||    13
       Scroll            |     2 |     2 |     6 |     9 ||    19
 Stab: Sleeping          |     1 |     5 |    11 |     6 ||    23
       Distracted        |       |     2 |     4 |     1 ||     7
       Invisible         |       |       |       |     1 ||     1
Armor: Robe              |       |    41 |    68 |    40 ||   149
Dodge: Dodged            |     5 |    94 |   119 |    58 ||   276
Block: Kite shield       |       |       |    66 |    77 ||   143

Table legend: (Time is in decaauts)
 A = Elapsed time spent in this place.
 B = Non-inter-level travel time spent in this place.
 C = Inter-level travel time spent in this place.
 D = Time resting spent in this place.
 E = Time spent auto-exploring this place.
 F = Levels seen in this place.
 G = Mean time per level.
                   A        B        C        D        E       F      G
               +--------+--------+--------+--------+--------+-----+--------+
         Total |   6118 |   5526 |    592 |     58 |   2629 |  11 |  556.2 |
       Dungeon |   5666 |   5103 |    563 |     58 |   2614 |   8 |  708.2 |
        Temple |    110 |     81 |     29 |      0 |      0 |   1 |  110.0 |
       Ossuary |     98 |     98 |      0 |      0 |      0 |   1 |   98.0 |
        Bailey |    243 |    243 |      0 |      0 |     15 |   1 |  243.0 |
               +--------+--------+--------+--------+--------+-----+--------+

Top non-repeatable levels by time:
     D:5: 923 daAuts
     D:8: 907 daAuts
     D:7: 831 daAuts
     D:9: 807 daAuts
     D:6: 736 daAuts
     D:3: 669 daAuts
     D:4: 585 daAuts
  Bailey: 243 daAuts
    D:10: 204 daAuts
  Temple: 110 daAuts
 Ossuary: 98 daAuts
